 Dungeon Crawl Stone Soup version 0.24-a0-279-ga7546fe (webtiles) character file.

Game seed: 1408504580498694229

53608 Gorice the Basher (level 14, -6/111 HPs)
             Began as a Gnoll Wanderer on Apr 30, 2019.
             Was the Champion of Kikubaaqudgha.
             Killed by divine providence
             ... invoked by an orc priest
              (14 damage)
             ... on level 2 of the Orcish Mines on May 1, 2019.
             The game lasted 01:31:34 (22997 turns).

Gorice the Basher (Gnoll Wanderer)                 Turns: 22997, Time: 01:31:35

Health: -6/111     AC: 22    Str: 17    XL:     14   Next: 69%
Magic:  0/27       EV: 12    Int: 23    God:    Kikubaaqudgha [******]
Gold:   2043       SH:  7    Dex: 17    Spells: 21/31 levels left

rFire    + . .     SeeInvis .   a - +8 morningstar "Ugaffezak" {flame, Int+4}
rCold    + . .     Gourm    .   c - +0 buckler
rNeg     . . .     Faith    .   K - +4 chain mail of Purpose {rC+ rCorr Int+2 Dex+2}
rPois    +         Spirit   +   x - +0 helmet
rElec    .         Reflect  .   o - +0 cloak
rCorr    +         Harm     .   w - +0 pair of gloves
MR       +....                  j - +1 pair of boots
Stlth    +.........             J - amulet of guardian spirit
HPRegen  0.28/turn              p - ring of poison resistance
MPRegen  0.20/turn              f - ring of protection from fire

@: no status effects
A: distributed training, fangs 1, strong nose
a: Receive Corpses, Torment, Brand Weapon With Pain, Receive Necronomicon,
Renounce Religion


You were on level 2 of the Orcish Mines.
You worshipped Kikubaaqudgha.
Kikubaaqudgha was exalted by your worship.
You were not hungry.

You visited 4 branches of the dungeon, and saw 19 of its levels.

You collected 2043 gold pieces.

Inventory:

Hand Weapons
 a - the +8 morningstar "Ugaffezak" (weapon) {flame, Int+4}
   (You acquired it on level 10 of the Dungeon)

   It has been specially enchanted to burn those struck by it, causing extra
   injury to most foes and up to half again as much damage against particularly
   susceptible opponents.
   It affects your intelligence (+4).
 b - a +2 whip of electrocution
   (You took it off a kobold on level 1 of the Dungeon)
 l - a +2 great mace
 G - a +5 scimitar
Missiles
 i - a javelin of returning (quivered)
 z - 23 tomahawks
 B - 2 javelins
 Z - 2 throwing nets {!f}
Armour
 c - a +0 buckler (worn)
 j - a +1 pair of boots (worn)
 o - a +0 cloak (worn)
 w - a +0 pair of gloves (worn)
 x - a +0 helmet (worn)
 K - the +4 chain mail of Purpose (worn) {rC+ rCorr Int+2 Dex+2}
   (You found it on level 7 of the Dungeon)

   It affects your intelligence (+2).
   It affects your dexterity (+2).
   It protects you from cold.
   It provides partial protection from all sources of acid and corrosion.
 M - a scarf of cloud immunity
   (You found it on level 7 of the Dungeon)
Jewellery
 e - an uncursed ring of positive energy
 f - a ring of protection from fire (right hand)
 p - a ring of poison resistance (left hand)
 s - an uncursed ring of protection from fire
 J - an amulet of guardian spirit (around neck)
Wands
 d - a wand of enslavement (8)
 k - a wand of disintegration (17)
 I - a wand of digging (3)
Scrolls
 n - 3 scrolls of fear {!r}
 y - 5 scrolls of remove curse
 A - a scroll of magic mapping {!r}
 O - 12 scrolls of teleportation {!r}
Potions
 g - 9 potions of curing
 h - 3 potions of magic {!q}
 r - 6 potions of might {!q}
 t - 2 potions of agility {!q}
 u - a potion of heal wounds {!q}
 F - a potion of haste {!q}
 H - a potion of berserk rage
Comestibles
 m - 22 rations
 q - 3 chunks of flesh


   Skills:
 + Level 10.3 Fighting
 + Level 9.3 Short Blades
 + Level 9.3 Long Blades
 + Level 9.3 Axes
 + Level 12.2 Maces & Flails
 + Level 9.3 Polearms
 + Level 9.3 Staves
 + Level 9.3 Slings
 + Level 9.3 Bows
 + Level 9.3 Crossbows
 + Level 9.3 Throwing
 + Level 10.3 Armour
 + Level 9.3 Dodging
 + Level 9.3 Stealth
 + Level 9.6 Shields
 + Level 9.3 Unarmed Combat
 + Level 9.3 Spellcasting
 + Level 7.7 Conjurations
 + Level 7.7 Hexes
 + Level 7.7 Charms
 + Level 7.7 Summonings
 + Level 7.7 Necromancy
 + Level 7.7 Translocations
 + Level 7.7 Transmutations
 + Level 7.7 Fire Magic
 + Level 7.7 Ice Magic
 + Level 7.7 Air Magic
 + Level 7.7 Earth Magic
 + Level 7.7 Poison Magic
 + Level 10.1 Invocations
 + Level 9.6 Evocations


You had 21 spell levels left.
You knew the following spells:

 Your Spells              Type           Power        Failure   Level  Hunger
c - Conjure Flame         Conj/Fire      #####...     7%          3    None
v - Vampiric Draining     Necr           #####.....   7%          3    None
A - Apportation           Tloc           #####.       2%          1    None
R - Regeneration          Chrm/Necr      #####.....   7%          3    None

Your spell library contained the following spells:

 Spells                   Type           Power        Failure   Level  Hunger
 Animate Skeleton         Necr           N/A          2%          1    None
 Confusing Touch          Hex            #####.       2%          1    None
 Flame Tongue             Conj/Fire      #####        2%          1    None
 Magic Dart               Conj           ####         2%          1    None
 Pain                     Necr           ####         2%          1    None
 Sandblast                Erth           #####.       2%          1    None
 Summon Small Mammal      Summ           ####         2%          1    None
 Corpse Rot               Necr           N/A          3%          2    None
 Passwall                 Tmut/Erth      #####...     3%          2    None
 Searing Ray              Conj           #####.       3%          2    None
 Sublimation of Blood     Necr           #####.....   3%          2    None
 Throw Flame              Conj/Fire      #####.       3%          2    None
 Dazzling Spray           Conj/Hex       #####.       7%          3    None
 Inner Flame              Hex/Fire       #####...     7%          3    None
 Stone Arrow              Conj/Erth      #####.       7%          3    None
 Animate Dead             Necr           N/A          22%         4    ##.....
 Force Lance              Conj/Tloc      #####...     22%         4    ##.....
 Fulminant Prism          Conj/Hex       #####.....   22%         4    ##.....
 Iskenderun's Mystic Bla  Conj           #####...     22%         4    ##.....
 Petrify                  Tmut/Erth      #####...     22%         4    ##.....
 Sticky Flame             Conj/Fire      #####...     22%         4    ##.....
 Bolt of Draining         Conj/Necr      #####.....   54%         5    ####...
 Dispel Undead            Necr           #####...     54%         5    ####...
 Excruciating Wounds      Chrm/Necr      #####.....   54%         5    ####...
 Fireball                 Conj/Fire      #####.....   54%         5    ####...
 Lee's Rapid Deconstruct  Erth           #####.....   54%         5    ####...
 Death Channel            Necr           #####.....   98%         6    ######.
 Simulacrum               Ice/Necr       #####.....   98%         6    ######.
 Summon Hydra             Summ           #####.....   100%        7    #######


Dungeon Overview and Level Annotations

Branches:
Dungeon (10/15)            Temple (1/1) D:6            Lair (6/6) D:10
 Shoals (0/4) Lair:4       Spider (0/4) Lair:3        Slime (0/5) Lair:5
    Orc (2/2) D:10            Elf (0/3) Orc:2

Altars:
Ashenzari
Cheibriados
Dithmenos
Elyvilon
Fedhas
Gozag
Hepliaklqana
Kikubaaqudgha
Makhleb
Nemelex Xobeh
Okawaru
Qazlal
Ru
Sif Muna
Trog
Uskayaw
Vehumet
Wu Jian
Xom
Yredelemnul
Zin
The Shining One
Beogh
Jiyva

Shops:
D:5 (   D:6 (

Annotations:
D:7 2 transporters, EnegeticOcto's ghost, amateur FoCK
D:10 3 runed translucent doors, emperorscorpion's ghost, journeyman DECj
Lair:5 exclusion: 4 oklob plants


Innate Abilities, Weirdness & Mutations

Your experience applies equally to all skills.
You have very sharp teeth.
Your uncanny sense of smell can sniff out nearby items.


Message History

Unknown command.
Unknown command.
Unknown command.
Unknown command.
Unknown command.
Unknown command.
Unknown command.
Unknown command.
Unknown command.
Unknown command.
Unknown command.
Unknown command.
Unknown command.
Unknown command.
Unknown command.
Unknown command.
Unknown command.
Unknown command.
Unknown command.
Unknown command.
Unknown command.
Unknown command.
Unknown command.
Unknown command.
Unknown command.
Unknown command.
Unknown command.
Unknown command.
Unknown command.
Unknown command.
Unknown command.
Unknown command.
Unknown command.
Unknown command.
Unknown command.
Unknown command.
Unknown command.
Unknown command.
Unknown command.
Unknown command.
Unknown command.
Unknown command.
Unknown command.
Unknown command.
Unknown command.
Unknown command.
The orc priest mumbles some strange prayers to Beogh against you.
Beogh smites you!
You die...
Kikubaaqudgha rasps: "You have failed me!
Welcome... death!"

##....#...#### #######
##.........#.# ###.....###
#............####.........###
##...........##.............##
#............#...............#
##.........#.#.#.#.#.#.#.#.#.#
##.#.........................
###...#.....((....).).......#
##..........)@................
#.[.[......))#)#o#.#.#.#.#o#.#
#.[.)#.....).#ooo............#
##
##)###.......##.o...........##
.#
#.[.#........####.........###
.###..##........# ###.....###
......#.........# #######
...#..##.#....###
......######..#


You could see 2 orc warriors and 3 orc priests.

Vanquished Creatures
  The ghost of Yorgos the Spry, a journeyman SpSk of Dithmenos (Lair:6)
  The ghost of Wiebster667 the Severer, a journeyman HOFi of Cheibriados (Orc:1)
  4 hydras
  2 two-headed ogres
  3 death yaks
  3 orc high priests
  2 fire crabs (Lair:6)
  An orc knight (Orc:2)
  2 orc sorcerers
  A lindwurm (Lair:6)
  A cyclops (Orc:1)
  2 merfolk sirens (Lair:4)
  3 black mambas
  17 elephants
  A torpor snail (Lair:6)
  12 spiny frogs
  A rime drake (Lair:3)
  2 komodo dragons
  7 hornets
  2 merfolk (Lair:4)
  6 trolls
  6 polar bears
  3 blink frogs
  5 dream sheep (Lair:5)
  5 hippogriffs
  16 spriggans
  25 yaks
  2 wyverns
  A basilisk (Lair:3)
  Menkaure (D:4)
  4 wargs
  10 water moccasins
  An ice beast (D:6)
  15 porcupines
  24 orc warriors
  6 black bears
  9 ogres
  4 phantoms
  3 boggarts
  4 centaurs
  25 wolves
  9 crocodiles
  2 big kobolds (D:10)
  12 bullfrogs
  A wyvern zombie (D:10)
  A wyvern skeleton (D:7)
  5 scorpions
  9 wights
  31 killer bees
  5 electric eels (D:10)
  3 crimson imps
  A centaur zombie (D:9)
  2 quasits
  3 bullfrog zombies
  A bullfrog skeleton (D:7)
  3 centaur skeletons
  18 orc priests
  6 hounds
  3 jellies
  A gnoll shaman (D:4)
  An iguana (D:4)
  17 orc wizards
  3 worker ants
  A killer bee zombie (D:7)
  A hound zombie (D:7)
  2 hound skeletons
  3 worker ant zombies
  5 gnolls (D:4)
  A howler monkey skeleton (D:5)
  6 adders
  A shadow imp (D:9)
  2 oozes (D:1)
  3 adder skeletons
  An adder zombie (D:5)
  5 worms
  4 dart slugs (D:1)
  A leopard gecko (D:2)
  93 orcs
  9 giant cockroaches
  3 goblins
  3 hobgoblins
  8 jackals
  13 kobolds
  4 quokkas
  A ball python (D:6)
  2 bats
  7 frilled lizards
  A jackal zombie (D:7)
  A leopard gecko skeleton (D:4)
  2 quokka skeletons (D:7)
  9 rats
  A plant (Lair:5)
573 creatures vanquished.

Vanquished Creatures (others)
  An orc (D:10)
  6 fungi
  5 plants
12 creatures vanquished.

Grand Total: 585 creatures vanquished

Notes
Turn   | Place    | Note
-------+----------+-------------------------------------------
     0 | D:1      | Gorice the Gnoll Wanderer began the quest for the Orb.
     0 | D:1      | Gorice set off with the following items: a +2 mace, a
                  | scroll of teleportation {!r}, a +0 buckler, a +0 robe, a
                  | ration
     0 | D:1      | Reached XP level 1. HP: 20/20 MP: 2/2
    64 | D:1      | Reached XP level 2. HP: 20/26 MP: 3/3
   365 | D:1      | Reached XP level 3. HP: 22/31 MP: 4/4
  1052 | D:2      | Reached skill level 1 in Invocations
  1717 | D:3      | Reached skill level 1 in Short Blades
  1717 | D:3      | Reached skill level 1 in Long Blades
  1717 | D:3      | Reached skill level 1 in Axes
  1717 | D:3      | Reached skill level 1 in Polearms
  1717 | D:3      | Reached skill level 1 in Staves
  1717 | D:3      | Reached skill level 1 in Slings
  1717 | D:3      | Reached skill level 1 in Bows
  1717 | D:3      | Reached skill level 1 in Crossbows
  1717 | D:3      | Reached skill level 1 in Throwing
  1717 | D:3      | Reached skill level 1 in Dodging
  1717 | D:3      | Reached skill level 1 in Stealth
  1717 | D:3      | Reached skill level 1 in Unarmed Combat
  1717 | D:3      | Reached skill level 1 in Spellcasting
  1736 | D:3      | Reached XP level 4. HP: 33/38 MP: 6/6
  2008 | D:4      | Found a glowing golden altar of the Shining One.
  2065 | D:4      | Noticed a centaur
  2090 | D:4      | Killed a centaur
  2090 | D:4      | Reached skill level 1 in Conjurations
  2090 | D:4      | Reached skill level 1 in Hexes
  2090 | D:4      | Reached skill level 1 in Charms
  2090 | D:4      | Reached skill level 1 in Summonings
  2090 | D:4      | Reached skill level 1 in Necromancy
  2090 | D:4      | Reached skill level 1 in Translocations
  2090 | D:4      | Reached skill level 1 in Transmutations
  2090 | D:4      | Reached skill level 1 in Fire Magic
  2090 | D:4      | Reached skill level 1 in Ice Magic
  2090 | D:4      | Reached skill level 1 in Air Magic
  2090 | D:4      | Reached skill level 1 in Earth Magic
  2090 | D:4      | Reached skill level 1 in Poison Magic
  2090 | D:4      | Reached XP level 5. HP: 37/43 MP: 7/7
  2092 | D:4      | Reached skill level 3 in Shields
  2092 | D:4      | Reached skill level 3 in Evocations
  2138 | D:4      | Noticed Menkaure
  2143 | D:4      | Killed Menkaure
  2143 | D:4      | Reached skill level 2 in Invocations
  2143 | D:4      | Reached XP level 6. HP: 42/50 MP: 8/8
  2541 | D:4      | Reached skill level 5 in Fighting
  2541 | D:4      | Reached skill level 5 in Armour
  2544 | D:4      | Reached skill level 2 in Short Blades
  2544 | D:4      | Reached skill level 2 in Long Blades
  2544 | D:4      | Reached skill level 2 in Axes
  2544 | D:4      | Reached skill level 2 in Polearms
  2544 | D:4      | Reached skill level 2 in Staves
  2544 | D:4      | Reached skill level 2 in Slings
  2544 | D:4      | Reached skill level 2 in Bows
  2544 | D:4      | Reached skill level 2 in Crossbows
  2544 | D:4      | Reached skill level 2 in Throwing
  2544 | D:4      | Reached skill level 2 in Dodging
  2544 | D:4      | Reached skill level 2 in Stealth
  2544 | D:4      | Reached skill level 2 in Unarmed Combat
  2544 | D:4      | Reached skill level 2 in Spellcasting
  2716 | D:4      | Found a radiant altar of Vehumet.
  2727 | D:4      | Found a snail-covered altar of Cheibriados.
  2730 | D:4      | Found a stormy altar of Qazlal.
  2770 | D:4      | Found a sacrificial altar of Ru.
  2773 | D:4      | Found an ornate altar of the Wu Jian Council.
  2824 | D:4      | Identified Acles Ofadu's Volume of Supportive Unholy Rites
  2907 | D:4      | Reached XP level 7. HP: 56/56 MP: 10/10
  3146 | D:5      | Entered Level 5 of the Dungeon
  3211 | D:5      | Found Eran's Weapon Boutique.
  3259 | D:5      | Reached skill level 2 in Conjurations
  3259 | D:5      | Reached skill level 2 in Hexes
  3259 | D:5      | Reached skill level 2 in Charms
  3259 | D:5      | Reached skill level 2 in Summonings
  3259 | D:5      | Reached skill level 2 in Necromancy
  3259 | D:5      | Reached skill level 2 in Translocations
  3259 | D:5      | Reached skill level 2 in Transmutations
  3259 | D:5      | Reached skill level 2 in Fire Magic
  3259 | D:5      | Reached skill level 2 in Ice Magic
  3259 | D:5      | Reached skill level 2 in Air Magic
  3259 | D:5      | Reached skill level 2 in Earth Magic
  3259 | D:5      | Reached skill level 2 in Poison Magic
  3312 | D:5      | Found a blossoming altar of Fedhas.
  3766 | D:5      | Reached skill level 9 in Maces & Flails
  3900 | D:4      | Reached skill level 3 in Invocations
  4234 | D:6      | Reached XP level 8. HP: 61/63 MP: 12/12
  4259 | D:6      | Reached skill level 3 in Short Blades
  4259 | D:6      | Reached skill level 3 in Long Blades
  4259 | D:6      | Reached skill level 3 in Axes
  4259 | D:6      | Reached skill level 3 in Polearms
  4259 | D:6      | Reached skill level 3 in Staves
  4259 | D:6      | Reached skill level 3 in Slings
  4259 | D:6      | Reached skill level 3 in Bows
  4259 | D:6      | Reached skill level 3 in Crossbows
  4259 | D:6      | Reached skill level 3 in Throwing
  4259 | D:6      | Reached skill level 3 in Dodging
  4259 | D:6      | Reached skill level 3 in Stealth
  4259 | D:6      | Reached skill level 4 in Shields
  4259 | D:6      | Reached skill level 3 in Unarmed Combat
  4259 | D:6      | Reached skill level 3 in Spellcasting
  4259 | D:6      | Reached skill level 4 in Evocations
  4447 | D:6      | Found a shattered altar of Ashenzari.
  4507 | D:6      | Found a staircase to the Ecumenical Temple.
  4519 | Temple   | Entered the Ecumenical Temple
  4806 | D:6      | Found Nuixku Yvvo's Antique Weapon Emporium.
  5127 | D:7      | Found a transporter.
  5127 | D:7      | Noticed a hippogriff
  5129 | D:7      | Noticed EnegeticOcto's ghost (amateur FoCK)
  5130 | D:7      | Noticed a moth of wrath
  5167 | D:7      | Reached skill level 3 in Conjurations
  5167 | D:7      | Reached skill level 3 in Hexes
  5167 | D:7      | Reached skill level 3 in Charms
  5167 | D:7      | Reached skill level 3 in Summonings
  5167 | D:7      | Reached skill level 3 in Necromancy
  5167 | D:7      | Reached skill level 3 in Translocations
  5167 | D:7      | Reached skill level 3 in Transmutations
  5167 | D:7      | Reached skill level 3 in Fire Magic
  5167 | D:7      | Reached skill level 3 in Ice Magic
  5167 | D:7      | Reached skill level 3 in Air Magic
  5167 | D:7      | Reached skill level 3 in Earth Magic
  5167 | D:7      | Reached skill level 3 in Poison Magic
  5167 | D:7      | Reached skill level 4 in Invocations
  5193 | D:7      | Reached skill level 6 in Fighting
  5193 | D:7      | Reached skill level 6 in Armour
  5193 | D:7      | Reached XP level 9. HP: 32/69 MP: 14/14
  5558 | D:7      | Reached skill level 4 in Short Blades
  5558 | D:7      | Reached skill level 4 in Long Blades
  5558 | D:7      | Reached skill level 4 in Axes
  5558 | D:7      | Reached skill level 4 in Polearms
  5558 | D:7      | Reached skill level 4 in Staves
  5558 | D:7      | Reached skill level 4 in Slings
  5558 | D:7      | Reached skill level 4 in Bows
  5558 | D:7      | Reached skill level 4 in Crossbows
  5558 | D:7      | Reached skill level 4 in Throwing
  5558 | D:7      | Reached skill level 4 in Dodging
  5558 | D:7      | Reached skill level 4 in Stealth
  5558 | D:7      | Reached skill level 4 in Unarmed Combat
  5558 | D:7      | Reached skill level 4 in Spellcasting
  5563 | D:7      | HP: 19/69 [killer bee (6)]
  5937 | D:7      | Reached skill level 5 in Shields
  5937 | D:7      | Reached skill level 5 in Evocations
  6088 | D:7      | Got a steaming trident
  6154 | D:7      | Reached skill level 5 in Invocations
  6390 | D:7      | Got a translucent chain mail
  6395 | D:7      | Got a dazzling quarterstaff
  6570 | D:7      | Found a deep blue altar of Sif Muna.
  6570 | D:7      | Found a hazy altar of Hepliaklqana.
  6602 | D:7      | Found an ancient bone altar of Kikubaaqudgha.
  6610 | D:7      | Became a worshipper of Kikubaaqudgha
  6691 | D:7      | Found a transporter.
  6710 | D:7      | Reached XP level 10. HP: 77/77 MP: 17/17
  6967 | D:7      | Identified the +4 chain mail of Purpose {rC+ rCorr Int+2
                  | Dex+2} (You found it on level 7 of the Dungeon)
  6982 | D:7      | Identified the +4 trident "Vaut" {freeze, rElec rF- rC+
                  | MR+} (You found it on level 7 of the Dungeon)
  7052 | D:8      | Reached skill level 4 in Conjurations
  7052 | D:8      | Reached skill level 4 in Hexes
  7052 | D:8      | Reached skill level 4 in Charms
  7052 | D:8      | Reached skill level 4 in Summonings
  7052 | D:8      | Reached skill level 4 in Necromancy
  7052 | D:8      | Reached skill level 4 in Translocations
  7052 | D:8      | Reached skill level 4 in Transmutations
  7052 | D:8      | Reached skill level 4 in Fire Magic
  7052 | D:8      | Reached skill level 4 in Ice Magic
  7052 | D:8      | Reached skill level 4 in Air Magic
  7052 | D:8      | Reached skill level 4 in Earth Magic
  7052 | D:8      | Reached skill level 4 in Poison Magic
  7322 | D:8      | Reached * piety under Kikubaaqudgha
  7322 | D:8      | Identified Kikubaaqudgha's Papyrus of Dark Rituals
                  | (Kikubaaqudgha gifted it to you on level 8 of the Dungeon)
  7322 | D:8      | Received a gift from Kikubaaqudgha
  7401 | D:8      | Reached skill level 5 in Short Blades
  7401 | D:8      | Reached skill level 5 in Long Blades
  7401 | D:8      | Reached skill level 5 in Axes
  7401 | D:8      | Reached skill level 5 in Polearms
  7401 | D:8      | Reached skill level 5 in Staves
  7401 | D:8      | Reached skill level 5 in Slings
  7401 | D:8      | Reached skill level 5 in Bows
  7401 | D:8      | Reached skill level 5 in Crossbows
  7401 | D:8      | Reached skill level 5 in Throwing
  7401 | D:8      | Reached skill level 5 in Dodging
  7401 | D:8      | Reached skill level 5 in Stealth
  7401 | D:8      | Reached skill level 5 in Unarmed Combat
  7401 | D:8      | Reached skill level 5 in Spellcasting
  7659 | D:8      | HP: 21/77 [killer bee (4)]
  7670 | D:8      | HP: 17/77 [killer bee (7)]
  7677 | D:8      | HP: 10/77 [killer bee (7)]
  8339 | D:9      | Reached skill level 7 in Fighting
  8339 | D:9      | Reached skill level 10 in Maces & Flails
  8339 | D:9      | Reached skill level 7 in Armour
  8511 | D:9      | Found a white marble altar of Elyvilon.
  8666 | D:9      | Reached skill level 6 in Shields
  8666 | D:9      | Reached skill level 6 in Evocations
  9208 | D:10     | Entered Level 10 of the Dungeon
  9213 | D:10     | Noticed a two-headed ogre
  9328 | D:9      | Reached ** piety under Kikubaaqudgha
  9413 | D:10     | Reached skill level 6 in Invocations
  9428 | D:10     | Found a staircase to the Orcish Mines.
  9689 | D:10     | Reached *** piety under Kikubaaqudgha
  9689 | D:10     | Identified Kikubaaqudgha's Tome of Evil Arts (Kikubaaqudgha
                  | gifted it to you on level 10 of the Dungeon)
  9689 | D:10     | Received a gift from Kikubaaqudgha
  9763 | D:10     | Reached XP level 11. HP: 84/84 MP: 19/19
  9853 | D:10     | HP: 20/84 [electric eel/bolt of electricity (12)]
 10215 | D:10     | Killed a two-headed ogre
 10420 | D:10     | Found a staircase to the Lair.
 10686 | D:10     | Reached skill level 6 in Short Blades
 10686 | D:10     | Reached skill level 6 in Long Blades
 10686 | D:10     | Reached skill level 6 in Axes
 10686 | D:10     | Reached skill level 6 in Polearms
 10686 | D:10     | Reached skill level 6 in Staves
 10686 | D:10     | Reached skill level 6 in Slings
 10686 | D:10     | Reached skill level 6 in Bows
 10686 | D:10     | Reached skill level 6 in Crossbows
 10686 | D:10     | Reached skill level 6 in Throwing
 10686 | D:10     | Reached skill level 6 in Dodging
 10686 | D:10     | Reached skill level 6 in Stealth
 10686 | D:10     | Reached skill level 6 in Unarmed Combat
 10686 | D:10     | Reached skill level 6 in Spellcasting
 10762 | D:10     | Found a runed translucent gate.
 10762 | D:10     | Found a runed translucent gate.
 10762 | D:10     | Found a runed translucent gate.
 10763 | D:10     | Noticed emperorscorpion's ghost (journeyman DECj)
 10773 | D:10     | Reached skill level 5 in Conjurations
 10773 | D:10     | Reached skill level 5 in Hexes
 10773 | D:10     | Reached skill level 5 in Charms
 10773 | D:10     | Reached skill level 5 in Summonings
 10773 | D:10     | Reached skill level 5 in Necromancy
 10773 | D:10     | Reached skill level 5 in Translocations
 10773 | D:10     | Reached skill level 5 in Transmutations
 10773 | D:10     | Reached skill level 5 in Fire Magic
 10773 | D:10     | Reached skill level 5 in Ice Magic
 10773 | D:10     | Reached skill level 5 in Air Magic
 10773 | D:10     | Reached skill level 5 in Earth Magic
 10773 | D:10     | Reached skill level 5 in Poison Magic
 11158 | D:10     | Identified a scroll of acquirement
 11159 | D:10     | Got a crude morningstar
 11160 | D:10     | Identified the +8 morningstar "Ugaffezak" {flame, Int+4}
                  | (You acquired it on level 10 of the Dungeon)
 11163 | Lair:1   | Entered Level 1 of the Lair of Beasts
 11226 | Lair:1   | Reached **** piety under Kikubaaqudgha
 11510 | Lair:1   | Identified the cursed +0 quarterstaff of Pifunn {vamp,
                  | rPois Dex+2} (You found it on level 7 of the Dungeon)
 11573 | Lair:1   | Noticed an eight-headed hydra
 11595 | Lair:1   | Killed an eight-headed hydra
 11595 | Lair:1   | Reached skill level 7 in Invocations
 11597 | Lair:1   | Reached skill level 8 in Fighting
 11597 | Lair:1   | Reached skill level 8 in Armour
 11597 | Lair:1   | Reached skill level 7 in Shields
 11597 | Lair:1   | Reached skill level 7 in Evocations
 12041 | Lair:1   | You fall through a shaft!
 13118 | Lair:3   | Noticed a six-headed hydra
 13118 | Lair:3   | Noticed a death yak
 13118 | Lair:3   | Noticed a death yak
 13118 | Lair:3   | Noticed a death yak
 13151 | Lair:2   | Killed a six-headed hydra
 13151 | Lair:2   | Reached XP level 12. HP: 57/93 MP: 22/22
 13305 | Lair:2   | Killed a death yak
 13516 | Lair:3   | Found a shattered altar of Ashenzari.
 13687 | Lair:3   | Reached skill level 7 in Short Blades
 13687 | Lair:3   | Reached skill level 7 in Long Blades
 13687 | Lair:3   | Reached skill level 7 in Axes
 13687 | Lair:3   | Reached skill level 7 in Polearms
 13687 | Lair:3   | Reached skill level 7 in Staves
 13687 | Lair:3   | Reached skill level 7 in Slings
 13687 | Lair:3   | Reached skill level 7 in Bows
 13687 | Lair:3   | Reached skill level 7 in Crossbows
 13687 | Lair:3   | Reached skill level 7 in Throwing
 13687 | Lair:3   | Reached skill level 7 in Dodging
 13687 | Lair:3   | Reached skill level 7 in Stealth
 13687 | Lair:3   | Reached skill level 7 in Unarmed Combat
 13687 | Lair:3   | Reached skill level 7 in Spellcasting
 13923 | Lair:3   | Reached skill level 11 in Maces & Flails
 13953 | Lair:3   | Found a hole to the Spider Nest.
 14219 | Lair:3   | Killed a death yak
 14219 | Lair:3   | Reached ***** piety under Kikubaaqudgha
 14219 | Lair:3   | Reached skill level 6 in Conjurations
 14219 | Lair:3   | Reached skill level 6 in Hexes
 14219 | Lair:3   | Reached skill level 6 in Charms
 14219 | Lair:3   | Reached skill level 6 in Summonings
 14219 | Lair:3   | Reached skill level 6 in Necromancy
 14219 | Lair:3   | Reached skill level 6 in Translocations
 14219 | Lair:3   | Reached skill level 6 in Transmutations
 14219 | Lair:3   | Reached skill level 6 in Fire Magic
 14219 | Lair:3   | Reached skill level 6 in Ice Magic
 14219 | Lair:3   | Reached skill level 6 in Air Magic
 14219 | Lair:3   | Reached skill level 6 in Earth Magic
 14219 | Lair:3   | Reached skill level 6 in Poison Magic
 14225 | Lair:3   | Killed a death yak
 14365 | Lair:4   | Reached skill level 8 in Invocations
 14993 | Lair:4   | Reached skill level 8 in Shields
 14993 | Lair:4   | Reached skill level 8 in Evocations
 15188 | Lair:4   | Reached skill level 9 in Fighting
 15188 | Lair:4   | Reached skill level 9 in Armour
 15317 | Lair:4   | Found a staircase to the Shoals.
 15811 | Lair:5   | Reached XP level 13. HP: 101/101 MP: 24/24
 16454 | Lair:5   | Reached skill level 8 in Short Blades
 16454 | Lair:5   | Reached skill level 8 in Long Blades
 16454 | Lair:5   | Reached skill level 8 in Axes
 16454 | Lair:5   | Reached skill level 8 in Polearms
 16454 | Lair:5   | Reached skill level 8 in Staves
 16454 | Lair:5   | Reached skill level 8 in Slings
 16454 | Lair:5   | Reached skill level 8 in Bows
 16454 | Lair:5   | Reached skill level 8 in Crossbows
 16454 | Lair:5   | Reached skill level 8 in Throwing
 16454 | Lair:5   | Reached skill level 8 in Dodging
 16454 | Lair:5   | Reached skill level 8 in Stealth
 16454 | Lair:5   | Reached skill level 8 in Unarmed Combat
 16454 | Lair:5   | Reached skill level 8 in Spellcasting
 16761 | Lair:5   | Found a staircase to the Slime Pits.
 16761 | Lair:5   | Found a viscous altar of Jiyva.
 17003 | Lair:5   | HP: 28/101 [acid (6)]
 17306 | Lair:6   | Entered Level 6 of the Lair of Beasts
 17531 | Lair:6   | Found a runed translucent door.
 17531 | Lair:6   | Noticed Yorgos's ghost (journeyman SpSk)
 17610 | Lair:6   | Reached skill level 9 in Invocations
 18109 | Lair:5   | Reached skill level 7 in Conjurations
 18109 | Lair:5   | Reached skill level 7 in Hexes
 18109 | Lair:5   | Reached skill level 7 in Charms
 18109 | Lair:5   | Reached skill level 7 in Summonings
 18109 | Lair:5   | Reached skill level 7 in Necromancy
 18109 | Lair:5   | Reached skill level 7 in Translocations
 18109 | Lair:5   | Reached skill level 7 in Transmutations
 18109 | Lair:5   | Reached skill level 7 in Fire Magic
 18109 | Lair:5   | Reached skill level 7 in Ice Magic
 18109 | Lair:5   | Reached skill level 7 in Air Magic
 18109 | Lair:5   | Reached skill level 7 in Earth Magic
 18109 | Lair:5   | Reached skill level 7 in Poison Magic
 18749 | Lair:6   | Reached skill level 9 in Shields
 18749 | Lair:6   | Reached skill level 9 in Evocations
 18936 | Lair:6   | Identified the +1 scale mail of the Tuna {rElec}
 18942 | Lair:6   | Reached XP level 14. HP: 104/109 MP: 26/26
 19581 | Lair:6   | Reached skill level 10 in Fighting
 19581 | Lair:6   | Reached skill level 12 in Maces & Flails
 19581 | Lair:6   | Reached skill level 10 in Armour
 19587 | Lair:6   | Reached ****** piety under Kikubaaqudgha
 20322 | Lair:6   | Got a bloodstained chain mail
 20465 | Lair:6   | Killed Yorgos's ghost
 20465 | Lair:6   | Reached skill level 9 in Short Blades
 20465 | Lair:6   | Reached skill level 9 in Long Blades
 20465 | Lair:6   | Reached skill level 9 in Axes
 20465 | Lair:6   | Reached skill level 9 in Polearms
 20465 | Lair:6   | Reached skill level 9 in Staves
 20465 | Lair:6   | Reached skill level 9 in Slings
 20465 | Lair:6   | Reached skill level 9 in Bows
 20465 | Lair:6   | Reached skill level 9 in Crossbows
 20465 | Lair:6   | Reached skill level 9 in Throwing
 20465 | Lair:6   | Reached skill level 9 in Dodging
 20465 | Lair:6   | Reached skill level 9 in Stealth
 20465 | Lair:6   | Reached skill level 9 in Unarmed Combat
 20465 | Lair:6   | Reached skill level 9 in Spellcasting
 20637 | Lair:1   | Learned a level 1 spell: Apportation
 20641 | Lair:1   | Learned a level 3 spell: Regeneration
 20645 | Lair:1   | Learned a level 3 spell: Vampiric Draining
 20649 | Lair:1   | Learned a level 3 spell: Conjure Flame
 20678 | Orc:1    | Entered Level 1 of the Orcish Mines
 21095 | Orc:2    | Entered Level 2 of the Orcish Mines
 21095 | Orc:2    | Found a staircase to the Elven Halls.
 21388 | Orc:2    | Found a roughly hewn altar of Beogh.
 21429 | Orc:1    | Found a runed translucent gate.
 21431 | Orc:1    | Found a runed translucent gate.
 21432 | Orc:1    | Found a runed translucent gate.
 21432 | Orc:1    | Noticed Wiebster667's ghost (journeyman HOFi)
 21503 | Orc:1    | HP: 32/110 [Wiebster667's ghost (8)]
 21512 | Orc:1    | Killed Wiebster667's ghost
 22418 | Orc:2    | Reached skill level 10 in Invocations
 22458 | Orc:2    | Upgraded the game from 0.24-a0-278-gefa1973 to
                  | 0.24-a0-279-ga7546fe
 22987 | Orc:2    | HP: 32/111 [orc priest/divine providence (12)]
 22993 | Orc:2    | HP: 16/111 [orc priest/divine providence (9)]
 22997 | Orc:2    | Killed from afar by an orc priest

Levels and vault maps discovered:
D:1:      lightli_arrival_statue_moat, layout_rooms
D:2:      layout_rooms
D:3:      layout_loops_ring, kennysheep_crisscross, solitary_fountain
D:4:      layout_basic, lemuel_crystal_altar, nicolae_overflow_hidden_temple,
          first_ration, uniq_menkaure
D:5:      layout_basic, kennysheep_little_box, kennysheep_windowed_goal
D:6:      layout_basic, nicolae_ashenzari_panopticon,
          minmay_temple_entry_sparse_star, serial_shops, nicolae_shop_trees
D:7:      minmay_razor_zed, layout_loops_ring, gammafunk_temple_overflow_claw,
          gammafunk_ghost_berserking_beasts
D:8:      layout_gridville, the_bakery
D:9:      layout_long_grid, elyvilon_altar_1, kennysheep_small_circle
D:10:     layout_irregular_city, erik_lair_island, hiddenorc2_lemuel,
          gammafunk_ghost_necromancy
Temple:   eino_wide_crystal_templ
Lair:1:   layout_roguey
Lair:2:   layout_roguey
Lair:3:   layout_roguey, nicolae_spider_entry_non_spiders, basic_altar
Lair:4:   layout_small_grid, elwin_shoals_entry_stream, beast_lair_carwin_3,
          serial_bayou_shore_b, grunt_megastairs_1
Lair:5:   layout_regular_city, slime_altar_1, grunt_megastairs_5,
          minmay_lair_oklob_chamber
Lair:6:   minmay_lair_end_enchanted_forest, layout_misc_corridors,
          ebering_ghost_inner_flame
Orc:1:    layout_diamond_mine, ebering_ghost_rock_garden
Orc:2:    st_orc_pillars, layout_diamond_mine, mines2_david

Skill      XL: |  1  2  3  4  5  6  7  8  9 10 11 12 13 14 |
---------------+-------------------------------------------+-----
Invocations    | 1 2 3 4 5 6 7 8 9 10 | 10.1
Short Blades   | 1 2 3 4 5 6 7 8 9 |  9.3
Long Blades    | 1 2 3 4 5 6 7 8 9 |  9.3
Axes           | 1 2 3 4 5 6 7 8 9 |  9.3
Polearms       | 1 2 3 4 5 6 7 8 9 |  9.3
Staves         | 1 2 3 4 5 6 7 8 9 |  9.3
Slings         | 1 2 3 4 5 6 7 8 9 |  9.3
Bows           | 1 2 3 4 5 6 7 8 9 |  9.3
Crossbows      | 1 2 3 4 5 6 7 8 9 |  9.3
Throwing       | 1 2 3 4 5 6 7 8 9 |  9.3
Dodging        | 1 2 3 4 5 6 7 8 9 |  9.3
Stealth        | 1 2 3 4 5 6 7 8 9 |  9.3
Unarmed Combat | 1 2 3 4 5 6 7 8 9 |  9.3
Spellcasting   | 1 2 3 4 5 6 7 8 9 |  9.3
Conjurations   | 1 2 3 4 5 6 7 |  7.7
Hexes          | 1 2 3 4 5 6 7 |  7.7
Charms         | 1 2 3 4 5 6 7 |  7.7
Summonings     | 1 2 3 4 5 6 7 |  7.7
Necromancy     | 1 2 3 4 5 6 7 |  7.7
Translocations | 1 2 3 4 5 6 7 |  7.7
Transmutations | 1 2 3 4 5 6 7 |  7.7
Fire Magic     | 1 2 3 4 5 6 7 |  7.7
Ice Magic      | 1 2 3 4 5 6 7 |  7.7
Air Magic      | 1 2 3 4 5 6 7 |  7.7
Earth Magic    | 1 2 3 4 5 6 7 |  7.7
Poison Magic   | 1 2 3 4 5 6 7 |  7.7
Shields        | 3 4 5 6 7 8 9 |  9.6
Evocations     | 3 4 5 6 7 8 9 |  9.6
Fighting       | 5 6 7 8 9 10 | 10.3
Armour         | 5 6 7 8 9 10 | 10.3
Maces & Flails | 9 10 11 12 | 12.2

Action                   |  1- 3 |  4- 6 |  7- 9 | 10-12 | 13-15 || total
-------------------------+-------+-------+-------+-------+-------++-------
Melee: Mace              |    41 |       |       |       |       ||    41
       Bite              |    10 |     7 |    41 |   115 |   120 ||   293
       Whip              |    53 |    67 |   417 |   599 |   118 ||  1254
       Morningstar       |       |       |       |   322 |   981 ||  1303
Throw: Stone             |     7 |     5 |     1 |       |       ||    13
       Javelin           |       |       |     6 |    29 |     6 ||    41
       Tomahawk          |       |       |       |     1 |       ||     1
Evoke: Wand              |       |       |       |    10 |     1 ||    11
  Use: Scroll            |     3 |     1 |     8 |    13 |     2 ||    27
       Potion            |       |       |     1 |     2 |       ||     3
 Stab: Sleeping          |       |     2 |     4 |       |       ||     6
  Eat: Chunk             |     2 |     4 |     5 |    26 |    18 ||    55
       Ration            |       |       |     2 |     1 |     2 ||     5
Armor: Robe              |    10 |     2 |       |       |       ||    12
       Ring mail         |       |     5 |    38 |       |       ||    43
       Plate armour      |       |       |   138 |    17 |       ||   155
       Chain mail        |       |       |       |   398 |   506 ||   904
Dodge: Dodged            |    32 |    23 |   110 |   336 |   399 ||   900
Block: Buckler           |    12 |     8 |    70 |   222 |   280 ||   592

Table legend:
 A = Non-vault XP
 B = Vault XP
 C = Vault XP percentage of total XP
 D = Non-vault monster count
 E = Vault monster count
 F = Vault count percentage of total count
                 A         B        C        D         E       F
            +---------+---------+-------+---------+---------+-------
      Total |   53062 |   23521 |  30.7 |     396 |     176 |  30.8
            +---------+---------+-------+---------+---------+-------
        D:1 |      50 |       0 |   0.0 |      20 |       0 |   0.0
        D:2 |      22 |       0 |   0.0 |      11 |       0 |   0.0
        D:3 |      26 |       0 |   0.0 |       6 |       0 |   0.0
        D:4 |     554 |     172 |  23.7 |      24 |       1 |   4.0
        D:5 |     295 |      50 |  14.5 |       8 |       3 |  27.3
        D:6 |     738 |       0 |   0.0 |      14 |       0 |   0.0
        D:7 |    1944 |     771 |  28.4 |      44 |      11 |  20.0
        D:8 |    1263 |     220 |  14.8 |      29 |       1 |   3.3
        D:9 |     969 |     403 |  29.4 |      17 |      11 |  39.3
       D:10 |    4194 |     923 |  18.0 |      53 |      32 |  37.6
     Temple |     180 |       0 |   0.0 |       3 |       0 |   0.0
     Lair:1 |    3433 |       0 |   0.0 |      13 |       0 |   0.0
     Lair:2 |    3777 |      72 |   1.9 |      15 |       4 |  21.1
     Lair:3 |    6358 |     184 |   2.8 |      25 |       4 |  13.8
     Lair:4 |    2905 |    2968 |  50.5 |      12 |       9 |  42.9
     Lair:5 |    6020 |    3732 |  38.3 |      18 |      15 |  45.5
     Lair:6 |   12819 |    9429 |  42.4 |      37 |      40 |  51.9
      Orc:1 |    4823 |    1169 |  19.5 |      30 |       2 |   6.2
      Orc:2 |    2692 |    3428 |  56.0 |      17 |      43 |  71.7
            +---------+---------+-------+---------+---------+-------

Table legend:
 A = Turns spent in this place as a percentage of turns spent in the entire game.
 B = Non-inter-level travel turns spent in this place as a percentage of non-inter-level travel turns spent in the entire game.
 C = Inter-level travel turns spent in this place as a percentage of turns spent in this place.
 D = Turns resting spent in this place as a percentage of non-inter-level travel turns spent in this place.
 E = Turns spent auto-exploring this place as a percentage of non-inter-level travel turns spent in this place.
 F = Non-inter-level travel turns spent in this place divided by the number of levels of this place that you've seen.
                   A       B       C       D       E      F
               +-------+-------+-------+-------+-------+----------------------
         Total | 100.0 | 100.0 |   3.5 |  29.1 |  34.6 | 1168.1
       Dungeon |  48.3 |  48.1 |   4.0 |  24.1 |  37.6 | 1067.4
        Temple |   0.8 |   0.8 |   6.2 |  62.6 |  22.0 | 182.0
          Lair |  41.3 |  41.3 |   3.3 |  32.2 |  35.2 | 1528.7
  Orcish Mines |   9.5 |   9.8 |   1.4 |  37.6 |  17.8 | 1082.5
               +-------+-------+-------+-------+-------+----------------------

Levels and vault maps discovered:
D:1:      lightli_arrival_statue_moat, layout_rooms
D:2:      layout_rooms
D:3:      layout_loops_ring, kennysheep_crisscross, solitary_fountain
D:4:      layout_basic, lemuel_crystal_altar, nicolae_overflow_hidden_temple,
          first_ration, uniq_menkaure
D:5:      layout_basic, kennysheep_little_box, kennysheep_windowed_goal
D:6:      layout_basic, nicolae_ashenzari_panopticon,
          minmay_temple_entry_sparse_star, serial_shops, nicolae_shop_trees
D:7:      minmay_razor_zed, layout_loops_ring, gammafunk_temple_overflow_claw,
          gammafunk_ghost_berserking_beasts
D:8:      layout_gridville, the_bakery
D:9:      layout_long_grid, elyvilon_altar_1, kennysheep_small_circle
D:10:     layout_irregular_city, erik_lair_island, hiddenorc2_lemuel,
          gammafunk_ghost_necromancy
Temple:   eino_wide_crystal_templ
Lair:1:   layout_roguey
Lair:2:   layout_roguey
Lair:3:   layout_roguey, nicolae_spider_entry_non_spiders, basic_altar
Lair:4:   layout_small_grid, elwin_shoals_entry_stream, beast_lair_carwin_3,
          serial_bayou_shore_b, grunt_megastairs_1
Lair:5:   layout_regular_city, slime_altar_1, grunt_megastairs_5,
          minmay_lair_oklob_chamber
Lair:6:   minmay_lair_end_enchanted_forest, layout_misc_corridors,
          ebering_ghost_inner_flame
Orc:1:    layout_diamond_mine, ebering_ghost_rock_garden
Orc:2:    st_orc_pillars, layout_diamond_mine, mines2_david
